Map: Black Site 2E

Players

OpuS

  • Race: Protoss Protoss
  • League: Diamond
  • Spawn Location: 5:00

Sketchaphone

  • Race: Zerg Zerg
  • League: Gold
  • Spawn Location: 6:00

Feng

  • Race: Terran Terran
  • League: Gold
  • Spawn Location: 3:00

WizardShades

  • Race: Terran Terran
  • League: Diamond
  • Spawn Location: 9:00

Bito

  • Race: Protoss Protoss
  • League: Diamond
  • Spawn Location: 12:00

FeraMansa

  • Race: Terran Terran
  • League: Diamond
  • Spawn Location: 11:00

VOD

Have the link to the VOD?

Description

Time

  • Played on: Jan. 20, 2019, 12:11 p.m.
  • Length: 15:43
Show
View Real Time Build Order
Export as new Build Order

OpuS Protoss 

Build Orders:  

Get SALT Encoding   

  12  0:01  Probe  
  13  0:13  Probe  
  14  0:26  Pylon  
  14  0:30  Probe  
  15  0:40  Probe  
  15  0:48  Probe  
  15  0:49  Gateway  
  17  0:58  Probe  
  18  1:08  Probe, Forge  
  18  1:16  Pylon, Probe  
  18  1:24  Probe  
  20  1:33  Assimilator  
  20  1:39  Cybernetics Core  
  20  1:40  Probe  
  21  1:48  Pylon  
  21  2:00  Gateway  
  21  2:01  Probe  
  22  2:13  Probe  
  23  2:25  Probe  
  23  2:30  Photon Cannon  
  23  2:31  Warp Gate  
  23  2:35  Photon Cannon, Assimilator  
  23  2:38  Pylon  
  23  2:43  Stalker  
  25  2:53  Stalker  
  27  3:01  Photon Cannon  
  27  3:31  Nexus  
  27  3:34  Pylon  
  27  3:47  Robotics Facility  
  27  3:52  Probe  
  28  4:18  Pylon  
  28  4:20  Probe  
  28  4:21  Photon Cannon  
  29  4:30  Stalker  
  31  4:32  Stalker, Probe  
  31  4:34  Observer  
  35  4:44  Probe x2  
  37  4:52  Gateway  
  37  5:10  Stalker x2  
  41  5:21  Probe x2  
  41  5:25  Photon Cannon  
  43  5:33  Probe  
  44  5:37  Twilight Council  
  44  5:38  Stalker  
  46  5:48  Observer  
  47  5:56  Stalker x2, Blink  
  51  5:57  Probe  
  51  5:58  Probe  
  53  6:09  Probe  
  53  6:10  Probe  
  53  6:11  Photon Cannon  
  51  6:14  Photon Cannon  
  49  6:32  Probe x2  
  51  6:37  Photon Cannon  
  51  6:42  Stalker x2  
  51  6:44  Probe  
  56  6:54  Probe  
  57  6:56  Probe  
  57  6:58  Photon Cannon  
  58  7:02  Protoss Ground Armor Level 1  
  58  7:05  Stalker  
  58  7:06  Stalker, Probe  
  58  7:08  Probe  
  64  7:25  Pylon  
  61  7:34  Stalker x3  
  67  7:41  Gateway  
  67  8:07  Gateway  
  67  8:08  Gateway  
  67  8:14  Gateway  
  67  8:18  Probe  
  67  8:19  Probe  
  69  8:20  Assimilator, Gateway  
  69  8:23  Pylon  
  69  8:26  Assimilator  
  69  8:28  Nexus  
  69  8:29  Stalker  
  69  8:30  Probe  
  69  8:31  Observer  
  73  8:51  Probe  
  73  8:52  Probe, Photon Cannon  
  75  9:13  Forge  
  75  9:14  Probe  
  75  9:15  Probe, Forge  
  77  9:23  Pylon  
  77  9:26  Pylon  
  77  9:28  Stalker x4  
  85  9:34  Protoss Ground Armor Level 2  
  85  9:37  Protoss Ground Weapons Level 1  
  85  9:38  Protoss Shields Level 1  
  85  9:40  Probe x3  
  88  9:52  Probe x3  
  91  9:53  Pylon  
  91  9:55  Observer  
  92  10:15  Stalker x3  
  92  10:16  Stalker x2  
  92  10:19  Observer  
  79  10:43  Stalker x3  
  79  10:44  Stalker x4  
  79  10:45  Stalker  
  83  10:58  Probe x3  
  85  11:10  Probe  
  84  11:20  Stalker x3  
  84  11:21  Stalker x4  
  84  11:23  Stalker  
  84  11:25  Probe x2  
  102  11:29  Pylon  
  102  11:32  Pylon  
  101  11:44  Assimilator  
  101  11:45  Probe x3  
  104  11:48  Assimilator  
  104  11:52  Observer  
  105  11:57  Protoss Ground Weapons Level 2  
  103  12:06  Probe x3, Protoss Ground Armor Level 3, Robotics Bay  
  106  12:10  Robotics Facility  
  106  12:37  Stalker x3  
  106  12:38  Stalker  
  106  12:39  Stalker x2  
  117  12:59  Observer  
  118  13:05  Stalker  
  118  13:06  Stalker x3  
  126  13:14  Colossus  
  132  13:38  Gateway  
  132  13:42  Gateway  
  132  13:43  Gateway  
  132  13:45  Gateway  
  113  14:12  Pylon  
  113  14:14  Pylon  
  113  14:15  Pylon  
  113  14:16  Pylon  
  102  14:17  Colossus x2  
  84  14:31  Stalker  
  84  14:32  Stalker x4  
  84  14:33  Stalker x3  
  100  14:51  Stalker x3  
  100  14:52  Stalker  
  96  15:21  Stalker x3  
  92  15:22  Stalker x5  
  92  15:23  Stalker  
Show
View Real Time Build Order
Export as new Build Order

Sketchaphone Zerg 

Build Orders: Hatch First, Swarm Host 

Get SALT Encoding   

  12  0:02  Drone  
  13  0:13  Drone  
  14  0:15  Extractor  
  14  0:16  Drone  
  15  0:23  Overlord  
  15  0:42  Drone  
  16  0:43  Drone  
  17  0:56  Hatchery  
  16  1:12  Spawning Pool  
  16  1:14  Drone  
  16  1:18  Drone  
  17  1:29  Drone  
  18  1:39  Overlord, Drone  
  19  1:44  Extractor  
  18  1:48  Drone  
  19  1:57  Drone  
  20  2:01  Queen  
  23  2:08  Drone x2  
  24  2:24  Drone  
  25  2:30  Spine Crawler, Drone  
  25  2:36  Drone  
  25  2:37  Overlord, Spine Crawler  
  25  2:43  Queen  
  27  2:45  Drone  
  28  2:55  Drone x2  
  28  2:56  Drone  
  30  3:06  Drone  
  30  3:08  Drone  
  32  3:13  Queen  
  34  3:20  Zergling x2  
  34  3:25  Lair  
  34  3:26  Drone x2  
  37  3:27  Drone  
  38  3:38  Drone x3  
  38  3:39  Drone  
  42  4:04  Drone x2  
  42  4:07  Overlord  
  42  4:08  Overlord  
  43  4:13  Evolution Chamber  
  43  4:14  Evolution Chamber  
  41  4:19  Hatchery  
  40  4:34  Drone x6  
  40  4:35  Overlord x3  
  46  4:44  Spire  
  45  4:49  Drone x5  
  45  4:51  Extractor  
  49  4:53  Extractor  
  49  4:54  Extractor  
  49  4:55  Overlord  
  49  4:56  Drone  
  49  4:59  Pneumatized Carapace  
  48  5:18  Spine Crawler  
  48  5:20  Spine Crawler  
  46  5:24  Spine Crawler  
  46  5:26  Spine Crawler  
  46  5:27  Spine Crawler  
  39  5:50  Spore Crawler  
  39  5:53  Spore Crawler  
  39  5:54  Drone  
  39  5:55  Drone x10  
  48  6:06  Mutalisk x2  
  52  6:23  Queen  
  52  6:24  Queen  
  56  6:31  Queen  
  56  6:32  Drone x3  
  61  6:35  Drone  
  61  6:37  Mutalisk x3  
  61  6:39  Zerg Flyer Weapons Level 1  
  68  6:49  Corruptor  
  70  6:54  Drone  
  70  7:00  Overlord  
  70  7:01  Overlord  
  68  7:19  Roach Warren  
  65  7:27  Corruptor x4  
  73  7:32  Zergling x14  
  73  7:35  Metabolic Boost  
  75  7:53  Corruptor x2  
  79  8:09  Overseer  
  79  8:11  Corruptor  
  81  8:20  Overlord x3  
  81  8:21  Drone  
  81  8:26  Zerg Ground Armor Level 1  
  82  8:29  Spore Crawler  
  82  8:30  Queen  
  82  8:31  Extractor  
  82  8:58  Corruptor  
  82  8:59  Corruptor x5  
  82  9:01  Overlord x2  
  82  9:02  Drone x2  
  96  9:03  Drone  
  97  9:15  Drone  
  98  9:17  Drone x4  
  98  9:18  Overlord x2  
  96  9:26  Corruptor x2  
  100  9:36  Infestation Pit  
  97  10:07  Corruptor x3  
  91  10:40  Zergling x28  
  93  11:02  Zerg Flyer Armor Level 1  
  83  11:09  Drone x3, Extractor  
  85  11:17  Overlord, Drone x3  
  88  11:19  Overlord x2  
  88  11:21  Neural Parasite  
  88  11:26  Hive  
  88  11:53  Drone x2  
  76  12:11  Infestor x2  
  76  12:13  Infestor x2  
  76  12:14  Swarm Host x2  
  76  12:15  Corruptor, Swarm Host  
  93  12:16  Corruptor x2  
  99  12:28  Zergling x8  
  99  12:29  Overlord x2, Zergling x4  
  105  12:40  Pathogen Glands  
  105  12:41  Hatchery, Swarm Host x2  
  105  12:42  Swarm Host x3  
  117  13:02  Burrow  
  116  13:09  Corruptor x3  
  116  13:10  Corruptor  
  124  13:35  Zerg Missile Weapons Level 1  
  124  13:37  Roach Warren  
  124  13:38  Glial Reconstitution  
  121  14:18  Infestor x4  
  121  14:19  Zergling x16  
Show
View Real Time Build Order
Export as new Build Order

Feng Terran 

Build Orders:  

Get SALT Encoding   

  12  0:01  SCV  
  13  0:18  SCV  
  13  0:20  Supply Depot  
  14  0:30  SCV  
  15  0:46  Barracks, Supply Depot  
  15  0:49  SCV  
  16  1:09  SCV  
  17  1:17  Supply Depot  
  17  1:21  SCV  
  18  1:44  SCV  
  19  1:49  Supply Depot  
  19  1:50  Marine  
  20  1:54  Supply Depot  
  20  1:56  SCV  
  20  1:57  Refinery  
  21  2:02  Barracks  
  21  2:08  Marine, SCV  
  23  2:11  Bunker  
  23  2:20  SCV  
  24  2:32  Marine, SCV  
  26  2:44  SCV  
  26  2:50  Marine  
  28  2:57  Marine  
  29  3:08  Marine, SCV, Command Center  
  31  3:19  Factory  
  31  3:20  SCV  
  31  3:26  Refinery  
  31  3:38  Marine x2  
  33  3:56  Orbital Command, Marine x2  
  32  4:14  Marine  
  32  4:15  Reaper  
  29  4:20  Factory Tech Lab  
  20  4:32  Marine  
  20  4:34  SCV  
  21  4:46  SCV  
  21  4:48  Siege Tank  
  25  4:58  SCV  
  26  5:10  SCV  
  27  5:14  Marine  
  29  5:24  Barracks Tech Lab  
  28  5:32  Marine  
  29  5:40  Engineering Bay  
  22  5:50  SCV x2  
  24  6:02  SCV x2  
  26  6:14  SCV x2  
  28  6:26  SCV  
  29  6:46  Marine  
  29  6:47  Marine, SCV  
  29  6:48  SCV  
  32  7:00  SCV  
  33  7:02  Terran Infantry Armor Level 1  
  33  7:04  Marine  
  33  7:05  SCV  
  35  7:12  SCV  
  35  7:13  Marine  
  37  7:27  SCV x2  
  39  7:35  Marine  
  40  7:38  Combat Shield  
  40  7:39  SCV x2  
  40  7:43  Marine  
  43  7:51  SCV  
  43  7:57  Starport  
  44  7:58  SCV  
  44  8:03  SCV  
  46  8:23  Missile Turret  
  46  8:32  Marine x2  
  48  8:37  Starport Reactor  
  48  8:39  Siege Tank  
  51  8:44  Missile Turret  
  51  8:46  SCV  
  51  8:47  SCV  
  53  8:53  Refinery  
  51  9:10  Missile Turret  
  51  9:14  Marine  
  51  9:15  SCV  
  51  9:16  Marine  
  54  9:20  Medivac  
  54  9:21  Viking  
  58  9:31  Missile Turret  
  58  9:36  SCV  
  60  9:42  Orbital Command  
  59  9:48  Marine x2, SCV  
  62  9:55  Refinery  
  62  9:57  Medivac, Viking  
  62  9:58  Supply Depot  
  66  10:00  SCV  
  67  10:14  Marine x2  
  67  10:19  Siege Tank  
  72  10:27  Medivac  
  74  10:32  Marine x2  
  71  10:49  Marine  
  52  10:52  Siege Tank  
  55  11:00  Terran Infantry Weapons Level 1  
  55  11:07  Viking x2  
  59  11:11  Armory, SCV  
  59  11:12  SCV  
  61  11:32  SCV x2  
  63  11:44  SCV  
  64  11:50  Marine x2  
  64  11:53  SCV  
  67  11:56  SCV  
  68  12:02  Barracks  
  68  12:06  SCV  
  68  12:07  Starport  
  69  12:26  Medivac, Viking  
  69  12:28  Command Center  
  73  12:31  Terran Vehicle And Ship Armor Level 1  
  73  12:45  Starport  
  70  12:55  Marine x2  
  70  12:56  Medivac, Viking  
  76  13:10  Armory  
  76  13:11  SCV  
  76  13:12  SCV  
  78  13:33  Marine, Siege Tank, Viking x2  
  86  13:34  Marine  
  86  13:39  Supply Depot  
  86  13:40  Supply Depot  
  87  13:41  Supply Depot  
  87  13:55  Orbital Command  
  87  13:56  Marine x2  
  87  13:57  SCV x2  
  91  14:03  Viking  
  91  14:28  Marine  
  91  14:30  Viking  
  78  14:33  Viking  
  55  14:44  Starport Tech Lab  
  50  14:46  Marine  
  50  14:53  SCV  
  39  15:04  Missile Turret  
  39  15:07  Missile Turret  
  32  15:09  Missile Turret  
  32  15:11  Missile Turret  
Show
View Real Time Build Order
Export as new Build Order

WizardShades Terran 

Build Orders:  

Get SALT Encoding   

  12  0:01  SCV  
  13  0:25  SCV, Supply Depot  
  14  0:38  SCV  
  15  0:48  Barracks  
  15  0:50  SCV  
  16  1:01  Refinery  
  16  1:02  SCV  
  17  1:12  Barracks  
  17  1:21  SCV  
  18  1:27  Barracks  
  18  1:35  Refinery  
  18  1:48  Reaper  
  18  1:51  Orbital Command  
  19  2:03  Supply Depot  
  19  2:27  Reaper  
  19  2:28  Reaper  
  21  2:34  Reaper, Supply Depot  
  22  2:59  Reaper  
  22  3:02  Reaper  
  24  3:07  Reaper  
  24  3:09  Supply Depot  
  25  3:22  Command Center  
  25  3:39  Reaper  
  25  3:40  Reaper x2  
  26  4:11  Reaper  
  26  4:12  Reaper, SCV  
  29  4:22  Reaper  
  29  4:42  SCV  
  29  4:44  Reaper x2, Orbital Command  
  32  4:52  Command Center  
  32  4:54  SCV  
  31  5:53  Reaper x3  
  33  6:19  Orbital Command  
  33  6:25  Reaper x2  
  34  6:35  Reaper  
  35  6:41  SCV x2  
  37  6:47  Factory  
  37  6:52  SCV  
  37  6:53  Orbital Command  
  38  6:57  Reaper x2  
  38  7:00  SCV  
  41  7:01  Refinery  
  41  7:04  Refinery  
  41  7:05  SCV  
  41  7:07  Reaper  
  43  7:12  SCV  
  44  7:29  Reaper  
  41  7:50  Barracks x2  
  41  7:52  Barracks x3  
  41  7:54  Barracks  
  41  7:55  Barracks x2  
  41  7:57  Engineering Bay  
  41  7:59  Engineering Bay  
  41  8:04  SCV x3  
  44  8:17  SCV  
  44  8:18  Barracks Tech Lab  
  45  8:27  SCV  
  46  8:34  Factory Reactor  
  46  8:39  Concussive Shells  
  46  8:41  Barracks Tech Lab x2  
  46  8:42  Starport  
  46  8:44  Barracks Tech Lab  
  41  9:18  Barracks Reactor x4  
  41  9:19  Barracks Reactor  
  39  9:26  Missile Turret  
  39  9:28  Command Center  
  39  9:29  Medivac  
  41  9:34  Terran Infantry Weapons Level 1, Terran Infantry Armor Level 1  
  41  9:45  Widow Mine x2  
  45  9:48  SCV x2  
  45  9:50  Marauder x3  
  53  9:53  Stimpack  
  53  10:00  SCV  
  53  10:04  SCV  
  55  10:12  SCV  
  56  10:16  SCV  
  57  10:24  Supply Depot, SCV  
  57  10:26  Widow Mine x2  
  62  10:34  SCV  
  61  10:36  SCV  
  61  10:41  Marauder x3, Marine x4  
  72  10:46  SCV  
  72  10:48  SCV  
  74  10:58  SCV  
  74  11:00  SCV  
  77  11:05  Widow Mine x2  
  77  11:07  SCV  
  77  11:10  SCV  
  81  11:11  Armory  
  81  11:12  SCV  
  75  11:22  SCV  
  75  11:24  SCV  
  77  11:27  Starport Reactor  
  77  11:31  Orbital Command  
  77  11:41  SCV x2, Supply Depot  
  77  11:42  Supply Depot  
  79  11:53  SCV  
  79  11:54  SCV, Command Center  
  81  12:00  SCV  
  80  12:06  SCV x2  
  82  12:10  Marauder, Marine x4  
  82  12:11  Marauder x2  
  82  12:12  SCV  
  93  12:20  Marine x2  
  95  12:32  Marauder x3  
  101  12:40  Marine x2  
  101  12:42  Marine x2  
  101  13:04  Supply Depot x2  
  101  13:06  Marauder x3, Marine x3  
  101  13:07  Supply Depot  
  101  13:08  Supply Depot  
  101  13:09  Medivac  
  112  13:13  Medivac  
  112  13:15  Marine x2  
  116  13:20  Supply Depot  
  116  13:21  Terran Infantry Weapons Level 2  
  116  13:22  Supply Depot  
  116  13:25  Marine x5  
  121  13:28  Marauder x3  
  121  13:33  Marine  
  121  13:34  Marine x4  
  128  13:39  Medivac  
  134  13:43  Medivac  
  136  13:49  Marauder x3  
  142  14:02  Planetary Fortress  
  141  14:10  Marauder x3  
  138  14:32  Marauder x3  
  134  14:51  SCV x2  
  134  14:52  SCV  
  133  14:53  Marauder x3  
  98  15:21  Marine x3  
  98  15:22  Marauder, Marine x6  
  98  15:23  Marine  
Show
View Real Time Build Order
Export as new Build Order

Bito Protoss 

Build Orders: Oracle Opening, Phoenix Opening, Carriers 

Get SALT Encoding   

  12  0:01  Probe  
  13  0:13  Probe  
  14  0:25  Probe  
  15  0:28  Pylon  
  15  0:50  Pylon  
  15  1:08  Probe  
  16  1:16  Gateway  
  16  1:20  Probe  
  17  1:31  Probe  
  18  1:34  Nexus  
  18  1:40  Probe  
  18  1:45  Assimilator  
  19  1:48  Probe  
  19  1:50  Assimilator  
  20  1:58  Probe  
  21  2:06  Cybernetics Core  
  21  2:10  Probe  
  22  2:23  Probe  
  23  2:39  Pylon  
  23  2:46  Probe  
  23  2:47  Stargate  
  23  2:48  Probe  
  25  2:54  Probe, Assimilator  
  25  2:56  Probe  
  26  3:02  Probe  
  26  3:04  Probe  
  27  3:07  Warp Gate  
  27  3:11  Forge  
  27  3:12  Probe  
  29  3:15  Probe  
  31  3:21  Oracle  
  31  3:24  Probe  
  32  3:27  Probe  
  36  3:36  Probe  
  36  3:39  Probe  
  38  3:44  Pylon  
  38  3:51  Probe x2  
  38  3:54  Pylon  
  40  3:58  Phoenix  
  42  4:03  Probe x2  
  42  4:06  Photon Cannon  
  44  4:15  Probe  
  44  4:16  Photon Cannon, Probe  
  46  4:30  Protoss Air Weapons Level 1  
  46  4:33  Probe  
  46  4:34  Phoenix  
  49  4:39  Assimilator  
  49  4:41  Stargate  
  49  4:47  Stargate  
  49  4:48  Probe  
  50  4:53  Probe  
  50  4:59  Phoenix  
  53  5:00  Probe  
  54  5:13  Probe x2  
  56  5:25  Phoenix x2  
  60  5:29  Nexus  
  60  5:33  Pylon  
  60  5:37  Cybernetics Core  
  60  5:42  Fleet Beacon  
  60  5:48  Probe  
  61  5:56  Assimilator  
  61  5:59  Probe  
  61  6:00  Probe  
  61  6:01  Photon Cannon  
  61  6:02  Assimilator  
  61  6:03  Void Ray  
  67  6:07  Pylon  
  67  6:11  Probe  
  67  6:12  Probe  
  55  6:25  Phoenix x2  
  69  6:26  Pylon  
  73  6:40  Probe x2  
  75  6:52  Probe x2  
  75  6:53  Carrier  
  76  6:54  Carrier  
  76  6:56  Void Ray  
  76  7:02  Probe  
  93  7:22  Probe x3  
  96  7:27  Anion Pulse-Crystals  
  96  7:35  Pylon  
  96  7:37  Pylon  
  96  7:39  Phoenix  
  98  7:54  Phoenix  
  98  7:55  Phoenix  
  100  8:00  Protoss Air Armor Level 1, Protoss Air Weapons Level 2  
  100  8:02  Carrier  
  108  8:16  Pylon  
  108  8:18  Probe x2  
  110  8:20  Pylon  
  110  8:40  Void Ray x2  
  118  8:47  Probe x3  
  121  8:50  Nexus  
  121  8:53  Assimilator  
  121  8:56  Assimilator  
  121  8:57  Carrier  
  121  8:59  Probe x3  
  127  9:13  Carrier  
  133  9:33  Pylon x2  
  133  9:34  Pylon  
  133  9:51  Void Ray  
  137  9:55  Nexus  
  137  9:57  Stargate  
  137  9:59  Assimilator  
  135  10:01  Stargate, Void Ray  
  135  10:02  Assimilator  
  135  10:06  Pylon  
  137  10:08  Pylon  
  137  10:10  Pylon  
  137  10:14  Pylon  
  137  10:17  Pylon, Void Ray  
  141  10:27  Photon Cannon  
  141  10:28  Photon Cannon  
  141  10:30  Photon Cannon  
  141  10:34  Void Ray  
  127  10:53  Carrier x2, Void Ray  
  137  10:59  Probe x2  
  139  11:06  Photon Cannon  
  139  11:08  Photon Cannon  
  139  11:10  Photon Cannon  
  139  11:14  Probe x3, Photon Cannon  
  142  11:19  Shield Battery  
  142  11:24  Photon Cannon  
  142  11:27  Probe x2  
  142  11:28  Shield Battery, Probe  
  142  11:30  Shield Battery  
  142  11:32  Shield Battery  
  145  11:33  Pylon  
  145  11:34  Probe  
  145  11:35  Photon Cannon  
  145  11:37  Pylon, Carrier  
  145  11:39  Pylon, Probe  
  148  11:40  Probe x2  
  148  11:44  Void Ray  
  148  11:46  Probe, Void Ray  
  150  11:51  Probe  
  165  12:01  Mothership  
  165  12:02  Void Ray  
  165  12:04  Void Ray  
  173  12:09  Protoss Air Weapons Level 3  
  173  12:11  Probe x2  
  173  12:12  Probe  
  173  12:13  Protoss Air Armor Level 2  
  184  12:25  Probe x2  
  186  12:45  Nexus  
  183  12:53  Void Ray x3  
  183  12:54  Void Ray  
  199  12:59  Pylon  
  199  13:14  Pylon  
  199  13:18  Pylon, Assimilator x2  
  199  13:21  Pylon  
  199  13:30  Stargate  
  199  13:31  Photon Cannon  
  199  13:33  Photon Cannon, Stargate  
  199  13:34  Photon Cannon  
  199  13:36  Photon Cannon x2, Stargate  
  199  13:39  Photon Cannon  
  199  13:40  Photon Cannon  
  199  13:43  Shield Battery  
  199  13:44  Shield Battery  
  199  13:46  Shield Battery  
  199  13:49  Photon Cannon  
  199  13:51  Photon Cannon  
  199  13:53  Photon Cannon  
  199  13:55  Photon Cannon  
  199  13:57  Photon Cannon  
  199  13:58  Shield Battery  
  199  14:01  Shield Battery  
  193  14:03  Shield Battery  
  193  14:08  Photon Cannon  
  183  14:18  Probe x2  
  183  14:19  Probe x2  
  179  14:41  Void Ray  
  179  14:42  Void Ray  
  197  15:39  Nexus  
Show
View Real Time Build Order
Export as new Build Order

FeraMansa Terran 

Build Orders: Banshee Rush 

Get SALT Encoding   

  12  0:01  SCV  
  13  0:13  SCV  
  14  0:25  SCV  
  15  0:33  Supply Depot  
  15  0:55  SCV  
  15  0:56  Barracks  
  16  0:58  Refinery  
  16  1:00  Refinery  
  16  1:07  SCV  
  17  1:19  SCV  
  18  1:31  SCV  
  19  1:43  SCV  
  20  1:48  Factory  
  20  1:55  SCV  
  20  1:57  Barracks Tech Lab  
  21  2:17  Command Center  
  21  2:19  Orbital Command  
  21  2:33  Starport  
  21  2:37  Factory Tech Lab  
  21  2:45  Supply Depot  
  21  2:48  SCV  
  22  3:00  SCV  
  23  3:13  SCV  
  23  3:18  Banshee  
  27  3:21  Cloaking Field  
  27  3:25  SCV  
  28  3:28  Supply Depot  
  28  3:31  Orbital Command  
  28  3:37  SCV  
  28  3:40  Siege Tank  
  32  3:49  SCV  
  32  3:51  Engineering Bay  
  33  3:56  SCV  
  33  4:02  SCV  
  35  4:03  Banshee  
  35  4:08  SCV  
  39  4:12  Refinery  
  39  4:14  SCV  
  39  4:16  Supply Depot  
  40  4:25  Siege Tank  
  40  4:26  SCV  
  40  4:28  SCV  
  45  4:44  Hyperflight Rotors  
  45  4:47  SCV x2  
  47  4:59  SCV x2  
  49  5:05  Refinery  
  49  5:06  Missile Turret  
  49  5:10  Fusion Core  
  49  5:15  Starport  
  49  5:26  SCV x2  
  51  5:38  SCV x2  
  53  5:50  SCV x2  
  52  6:15  SCV x2  
  54  6:23  Supply Depot, Starport Tech Lab  
  54  6:27  Battlecruiser  
  60  6:37  Armory  
  60  6:38  Armory  
  60  6:45  Siege Tank  
  63  6:55  SCV  
  63  6:56  SCV  
  63  7:00  Barracks  
  65  7:01  Barracks  
  65  7:03  Missile Turret  
  65  7:08  Sensor Tower, SCV x2  
  67  7:13  Supply Depot  
  67  7:14  Supply Depot  
  67  7:15  Weapon Refit  
  67  7:28  SCV x2  
  69  7:35  Battlecruiser  
  69  7:36  Battlecruiser  
  81  7:38  Terran Vehicle And Ship Armor Level 1  
  81  7:40  Terran Ship Weapons Level 1  
  81  7:44  SCV x2, Command Center  
  83  7:57  SCV x2  
  85  8:05  Starport  
  85  8:07  Starport  
  85  8:14  SCV  
  85  8:19  Supply Depot  
  86  8:20  Supply Depot  
  86  8:22  Barracks Tech Lab x2  
  86  8:23  Supply Depot  
  86  8:29  Starport  
  86  8:36  Barracks  
  86  8:41  SCV  
  87  8:42  Stimpack  
  87  8:43  Concussive Shells  
  87  8:47  Marauder x2, Starport Tech Lab  
  91  8:49  Starport Tech Lab  
  91  8:52  SCV  
  91  8:53  SCV  
  93  8:56  Orbital Command, Refinery  
  93  8:58  Refinery  
  93  8:59  Missile Turret  
  93  9:22  Marauder x2  
  97  9:26  Battlecruiser  
  103  9:34  SCV x3  
  106  9:42  Barracks Tech Lab  
  106  9:46  Marauder x2, SCV  
  106  9:47  Starport Reactor  
  106  9:48  Terran Ship Weapons Level 2  
  111  9:53  Terran Vehicle And Ship Armor Level 2  
  108  10:21  Battlecruiser  
  108  10:25  Medivac x2  
  108  10:26  Marauder  
  114  10:43  Marauder x2  
  118  11:01  Battlecruiser  
  124  11:16  Command Center  
  124  11:37  Terran Infantry Weapons Level 1  
  124  11:43  Marauder x3, Battlecruiser, Supply Depot  
  124  11:44  Supply Depot x2  
  124  11:46  Supply Depot  
  136  11:47  Combat Shield  
  136  11:51  Supply Depot  
  130  12:13  Battlecruiser x2  
  142  12:24  Liberator x2  
  148  12:37  Battlecruiser  
  154  12:50  Siege Tank  
  157  13:25  Marauder  
  157  13:26  Marauder x2  
  163  13:37  Medivac  
  163  13:38  Medivac  
  167  13:47  Marauder x2  
  171  13:51  Hi-Sec Auto Tracking  
  171  13:53  Planetary Fortress  
  169  14:36  Refinery  
  169  14:38  Refinery  
  165  14:56  Viking  
  183  15:10  Missile Turret  
  183  15:12  Missile Turret  
  176  15:15  Missile Turret x2  
  176  15:16  Missile Turret x2  
  176  15:17  Missile Turret x2  
  176  15:18  Missile Turret  
  176  15:22  Sensor Tower  
  176  15:30  Missile Turret  
  176  15:32  Missile Turret  
  182  15:36  Missile Turret  
Tags
 
Add a new tag
Caveats
  • Supply blocks, unpowered buildings, or Contaminate may cause inaccurate times.
  • Supply counts are checked every 10 seconds.